 Dungeon Crawl Stone Soup version 0.29-a0-1033-gb6c65ffae6 (webtiles) character file.

Game seed: 5371461197856708092

23543 hikkokomori the Thaumaturge (level 13, -4/114 HPs)
             Began as a Meteoran Earth Elementalist on Aug 14, 2022.
             Was an Elder of Sif Muna.
             Slain by a naga
             ... wielding a +0 scimitar
              (24 damage)
             ... on level 2 of the Lair of Beasts.
             The game lasted 00:51:21 (5256 turns).

hikkokomori the Thaumaturge (MeEE)                  Turns: 5256, Time: 00:51:21

Health: -4/114     AC: 12    Str:  7    XL:     13   Next: 70%
Magic:  19/30      EV: 17    Int: 28    God:    Sif Muna [****..]
Gold:   626        SH: 14    Dex: 26    Spells: 21/36 levels left

rFire   + . .      SeeInvis .   B - +5 war axe
rCold   + . .      Faith    .   i - +0 kite shield
rNeg    + . .      Spirit   .   F - +2 robe {rN+}
rPois   +          Reflect  .   (no helmet)
rElec   .          Harm     .   l - +2 cloak
rCorr   +          Rampage  .   s - +1 pair of gloves of Pyovuid {Drain rC+ rCorr Dex+3}
Will    ++...                   X - +2 pair of boots
Stlth   +.........              Q - amulet of magic regeneration
HPRegen 0.29/turn               L - ring "Xydupi" {Will+ Int+7}
MPRegen 0.62/turn               m - ring "Aluiteg" {rPois rF+ Str-2 Dex+6}

@: mighty, lethally poisoned (-4 -> -7), glowing, constricted
A: sense surroundings 2, otherworldly, glowing, explore regen
a: Renounce Religion, Channel Magic, Forget Spell, Divine Exegesis


You were on level 2 of the Lair of Beasts.
You worshipped Sif Muna.
Sif Muna was greatly pleased with you.
You visited 2 branches of the dungeon, and saw 14 of its levels.

You collected 626 gold pieces.

Inventory:

Hand Weapons
 n - a -2 demon whip of venom
 p - a +0 rapier
 B - a +5 war axe (weapon)
 K - a +0 quick blade
Missiles
 g - 5 poisoned darts
 u - 74 stones
 W - 2 datura-tipped darts
Armour
 b - a +1 robe of cold resistance
 i - a +0 kite shield (worn)
 l - a +2 cloak (worn)
 s - the +1 pair of gloves of Pyovuid (worn) {Drain rC+ rCorr Dex+3}
   (You found it on level 5 of the Dungeon)

   Dex:       It affects your dexterity (+3).
   rC:        It protects you from cold.
   rCorr:     It protects you from acid and corrosion.
   Drain:     It drains your maximum health when unequipped.
 F - a +2 robe of positive energy (worn)
 H - a +0 pair of boots
 M - the +0 robe of Deviotra {rElec rCorr}
   (You took it off an ogre mage on level 11 of the Dungeon)

   rElec:     It insulates you from electricity.
   rCorr:     It protects you from acid and corrosion.
 R - a +4 plate armour of fire resistance
 T - the +2 robe "Opojoffo" {rF+ Will- Dex+4 Stlth+}
   (You found it on level 1 of the Lair of Beasts)

   Dex:       It affects your dexterity (+4).
   rF:        It protects you from fire.
   Will:      It decreases your willpower.
   Stlth:     It makes you more stealthy.
 X - a +2 pair of boots (worn)
Magical Staves
 y - a staff of air
 z - a staff of cold
Jewellery
 j - a ring of see invisible
 k - a ring of resist corrosion
 m - the ring "Aluiteg" (right hand) {rPois rF+ Str-2 Dex+6}
   (You found it on level 2 of the Dungeon)

   [ring of dexterity]

   Str:       It affects your strength (-2).
   Dex:       It affects your dexterity (+6).
   rF:        It protects you from fire.
   rPois:     It protects you from poison.
 r - a ring of poison resistance
 L - the ring "Xydupi" (left hand) {Will+ Int+7}
   (You took it off an ogre mage on level 11 of the Dungeon)

   [ring of willpower]

   Int:       It affects your intelligence (+7).
   Will:      It increases your willpower.
 Q - an amulet of magic regeneration (around neck)
 S - an amulet of regeneration
Wands
 a - a wand of polymorph (3)
 q - a wand of digging (8)
 w - a wand of charming (9)
 C - a wand of flame (20)
Scrolls
 h - 3 scrolls of identify
 t - 2 scrolls of vulnerability
 x - a scroll of immolation
 A - 3 scrolls of enchant weapon
 G - a scroll of noise
 I - 3 scrolls of teleportation
 O - a scroll of enchant armour
 U - a scroll of silence
 V - a scroll of magic mapping
Potions
 c - a potion of brilliance
 d - a potion of heal wounds
 e - 4 potions of flight
 f - 6 potions of ambrosia
 v - a potion of degeneration
 D - a potion of might
 E - a potion of mutation
 J - 2 potions of curing
 N - a potion of magic
Miscellaneous
 P - a phantom mirror


   Skills:
 + Level 10.6 Fighting
 + Level 10.1 Dodging
 - Level 1.4 Stealth
 + Level 10.0 Shields
 + Level 12.0 Spellcasting
 - Level 4.0 Conjurations
 - Level 1.2 Transmutations
 + Level 7.7 Ice Magic
 - Level 9.7 Earth Magic
 - Level 6.6 Invocations


You had 21 spell levels left.
You knew the following spells:

 Your Spells              Type           Power      Damage    Failure   Level
a - Sandblast             Erth           100%       2d20      1%          1
b - Stone Arrow           Conj/Erth      100%       3d13      1%          3
c - Blink                 Tloc           32%        N/A       11%         2
d - Ozocubu's Refrigerat  Ice            28%        4d13      94%         7
e - Passwall              Tmut/Erth      39%        N/A       1%          2

Your spell library contained the following spells:

 Spells                   Type           Power      Damage    Failure   Level
 Petrify                  Tmut/Erth      47%        N/A       8%          4
 Lesser Beckoning         Tloc           16%        N/A       22%         3
 Olgreb's Toxic Radiance  Pois           16%        N/A       56%         4
 Manifold Assault         Tloc           16%        N/A       89%         5
 Ignition                 Fire           8%         3d5       100%        8


Dungeon Overview and Level Annotations

Branches:
Dungeon (12/15) Zot: 2282    Lair (2/5) D:11 Zot: 632   Snake (0/4) Lair:2
    Orc (0/2) D:11
 Temple: D:4-7        Swamp: Lair:2-3    Shoals: Lair:2-3

Altars:
Cheibriados
Elyvilon
Fedhas
Hepliaklqana
Kikubaaqudgha
Makhleb
Qazlal
Sif Muna
Trog
Vehumet
Wu Jian
Xom
The Shining One

Shops:
D:2 =

Annotations:
D:6 Grinder
D:12 Rupert


Innate Abilities, Weirdness & Mutations

You passively map the area around you.
You are easily found by Zot.
You glow in the dark.
You regain HP and MP as you explore.


Message History

Unknown command.
Casting: Stone Arrow (safe; 1% risk of failure)
Confirm with . or Enter, or press ? or * to list all spells.
Aiming: Stone Arrow (safe; 1% risk of failure)
Press: ? - help, Shift-Dir - straight line, f/p - naga
Aim: a naga, wielding a +0 scimitar and wearing a +2 robe of positive energy (heavily wounded, catching its breath, 78% to hit)
The stone arrow hits the naga!
You kill the naga!
Sif Muna accepts your kill. The naga spits poison at you.
You block the splash of poison. The naga constricts you.
You block the naga's attack. The naga misses you.
Casting: Stone Arrow (safe; 1% risk of failure)
Confirm with . or Enter, or press ? or * to list all spells.
Aiming: Stone Arrow (safe; 1% risk of failure)
Press: ? - help, Shift-Dir - straight line, f - naga
Aim: a naga, wielding a +0 scimitar (constricting you, catching its breath, 78% to hit)
The stone arrow misses the naga.
You block the naga's attack. The naga constricts you.
The naga hits you with a +0 short sword!
The naga hits you from afar with a +0 trident!
* * * LOW HITPOINT WARNING * * *
Casting: Stone Arrow (safe; 1% risk of failure)
Confirm with . or Enter, or press ? or * to list all spells.
You don't know that spell.
You feel very mighty all of a sudden. The naga hits you with a +0 scimitar.
* * * LOW HITPOINT WARNING * * *
The naga constricts you.
* * * LOW HITPOINT WARNING * * *
The naga spits poison at you.
The splash of poison hits you but does no damage.
You are poisoned.
You resist. You block the naga's attack.
You slash the naga!
The naga is moderately wounded.
You slash the naga!
You feel sick. You block the naga's attack. The naga constricts you.
The naga barely misses you. You block the naga's attack.
The naga hits you with a +0 scimitar!!
You die...

# #.####### ###### * * #####
* ........###.....## , .....
* ,....^##........ *, ,.... *
, #..#...#N..# , ,#... .
#......#.>.# ,,,##... ...
##..#..)#N..#... ##....
*....#...##.@N......####....#
*#........###N....###........
...........#######..........
*...#.#........####..........
#...#............#..........
#..###.........##...).......
#..#.P........#..#..........
#...........................
...........................


You could see 3 nagas.

Vanquished Creatures
  Fannar (D:11)
  2 ogre magi (D:11)
  2 boulder beetles (D:11)
  4 two-headed ogres
  2 centaur warriors (D:11)
  Amaemon (D:11)
  A lindwurm (Lair:2)
  A deep elf pyromancer (D:9)
  2 cyclopes (D:11)
  2 ugly things (D:11)
  A manticore (D:11)
  2 black mambas
  A gargoyle (D:11)
  An orange demon (Lair:1)
  3 cane toads
  An efreet (D:12)
  5 komodo dragons
  A yaktaur (D:11)
  A kobold demonologist (D:10)
  2 trolls (D:11)
  2 shadows (D:11)
  A vampire (D:11)
  3 wyverns
  5 wraiths
  Eustachio (D:6)
  17 yaks
  2 steam dragons
  4 wargs (D:11)
  2 nagas (Lair:2)
  4 water moccasins
  3 acid dragons (D:11)
  3 orc warriors
  2 sky beasts (D:7)
  2 black bears
  A boggart (D:11)
  6 wolves (Lair:1)
  An ogre (D:7)
  3 centaurs
  A kobold brigand (D:9)
  6 bullfrogs
  3 gnoll sergeants
  A scorpion (D:6)
  A necrophage (D:8)
  3 wights (D:9)
  2 killer bees (D:10)
  3 howler monkeys
  2 hounds (D:5)
  A jelly (D:8)
  7 orc priests
  7 orc wizards
  A killer bee simulacrum (D:7)
  9 gnolls
  7 adders
  2 white imps
  2 ufetubi
  2 worms (D:3)
  2 dart slugs
  27 orcs
  4 bats
  7 endoplasms
  2 giant cockroaches (D:1)
  8 goblins
  8 hobgoblins
  7 kobolds
  5 quokkas
  2 ball pythons
  A frilled lizard (D:1)
  5 rats
236 creatures vanquished.

Vanquished Creatures (others)
  A shadow (D:11)
  10 fungi
  6 plants (Lair:1)
17 creatures vanquished.

Grand Total: 253 creatures vanquished

Notes
Turn   | Place    | Note
-------+----------+-------------------------------------------
     0 | D:1      | hikkokomori the Meteoran Earth Elementalist began the quest
                  | for the Orb.
     0 | D:1      | Reached XP level 1. HP: 14/14 MP: 5/5
    63 | D:1      | Reached XP level 2. HP: 21/22 MP: 3/6
   115 | D:1      | Reached skill level 3 in Spellcasting
   210 | D:1      | Reached skill level 1 in Fighting
   371 | D:2      | Reached XP level 3. HP: 25/28 MP: 6/8
   427 | D:2      | Reached XP level 4. HP: 35/36 MP: 5/10
   490 | D:2      | Identified the ring "Aluiteg" {rPois rF+ Str-2 Dex+6}
   747 | D:2      | Found Qalies's Jewellery Emporium.
  1365 | D:3      | Reached XP level 5. HP: 41/41 MP: 9/11
  1411 | D:3      | Reached skill level 4 in Spellcasting
  1445 | D:3      | Learned a level 3 spell: Stone Arrow
  1459 | D:3      | Found a shimmering blue altar of Sif Muna.
  1464 | D:3      | Became a worshipper of Sif Muna the Loreminder
  1695 | D:4      | Learned a level 2 spell: Blink
  1724 | D:5      | Entered Level 5 of the Dungeon
  1732 | D:5      | Identified the +1 pair of gloves of Pyovuid {Drain rC+
                  | rCorr Dex+3}
  1766 | D:5      | Found a radiant altar of Vehumet.
  1767 | D:5      | Found a burning altar of Makhleb.
  1767 | D:5      | Found a snail-covered altar of Cheibriados.
  1769 | D:5      | Found a hazy altar of Hepliaklqana.
  1771 | D:5      | Found a white marble altar of Elyvilon.
  1771 | D:5      | Found an ornate altar of the Wu Jian Council.
  1772 | D:5      | Found an ancient bone altar of Kikubaaqudgha.
  1872 | D:5      | Reached XP level 6. HP: 45/50 MP: 7/13
  1900 | D:5      | Reached skill level 1 in Conjurations
  2120 | D:5      | You fall into a shaft and drop 1 floor!
  2146 | D:6      | Noticed Grinder
  2147 | D:6      | Noticed Eustachio
  2153 | D:6      | Reached * piety under Sif Muna
  2160 | D:6      | Reached XP level 7. HP: 29/57 MP: 7/15
  2166 | D:6      | Killed Eustachio
  2167 | D:6      | Reached skill level 5 in Spellcasting
  2167 | D:6      | Reached skill level 5 in Earth Magic
  2322 | D:6      | Reached XP level 8. HP: 27/66 MP: 7/17
  2382 | D:6      | Found a stormy altar of Qazlal.
  2483 | D:7      | Found a shimmering altar of Xom.
  2486 | D:7      | Reached skill level 5 in Dodging
  2520 | D:7      | Reached skill level 6 in Spellcasting
  2520 | D:7      | Reached skill level 1 in Invocations
  2550 | D:7      | Noticed a wraith
  2553 | D:7      | Killed a wraith
  2554 | D:7      | Reached skill level 5 in Fighting
  2554 | D:7      | Gained mutation: You passively map the area around you.
                  | [Meteoran growth]
  2554 | D:7      | Reached XP level 9. HP: 59/74 MP: 2/19
  2630 | D:7      | Reached ** piety under Sif Muna
  2720 | D:7      | Reached skill level 1 in Shields
  2721 | D:7      | Reached skill level 7 in Spellcasting
  2849 | D:8      | Reached XP level 10. HP: 80/83 MP: 12/22
  2852 | D:8      | Reached skill level 5 in Invocations
  3090 | D:9      | Reached skill level 8 in Spellcasting
  3094 | D:9      | Found a glowing golden altar of the Shining One.
  3310 | D:10     | Entered Level 10 of the Dungeon
  3339 | D:10     | Noticed a deep elf pyromancer
  3375 | D:9      | Killed a deep elf pyromancer
  3376 | D:9      | Reached skill level 5 in Shields
  3458 | D:9      | Learned a level 7 spell: Ozocubu's Refrigeration
  3540 | D:10     | Noticed a kobold demonologist
  3549 | D:10     | Killed a kobold demonologist
  3550 | D:10     | Reached skill level 1 in Ice Magic
  3550 | D:10     | Reached XP level 11. HP: 92/92 MP: 20/24
  3602 | D:10     | Found a blossoming altar of Fedhas.
  3658 | D:11     | Reached *** piety under Sif Muna
  3663 | D:11     | Reached skill level 9 in Spellcasting
  3714 | D:11     | Noticed Fannar
  3731 | D:11     | Killed Fannar
  3767 | D:11     | Noticed a boulder beetle
  3794 | D:11     | Noticed a centaur warrior
  3802 | D:11     | Killed a centaur warrior
  3884 | D:11     | Identified the +0 robe of Deviotra {rElec rCorr}
  3884 | D:11     | Identified the ring "Xydupi" {Will+ Int+7}
  3884 | D:11     | Noticed an ogre mage
  3891 | D:11     | Killed an ogre mage
  3903 | D:11     | Noticed a cyclops
  3904 | D:11     | Noticed a cyclops
  3952 | D:11     | Noticed a centaur warrior
  3952 | D:11     | Found a staircase to the Lair.
  3957 | D:11     | Killed a centaur warrior
  3983 | Lair:1   | Entered Level 1 of the Lair of Beasts
  3983 | Lair:1   | Noticed Amaemon
  3993 | D:11     | Killed Amaemon
  4002 | D:11     | Reached XP level 12. HP: 89/103 MP: 9/26
  4009 | D:11     | Reached skill level 10 in Spellcasting
  4044 | D:11     | Learned a level 2 spell: Passwall
  4053 | D:11     | Noticed a two-headed ogre
  4054 | D:11     | Noticed a two-headed ogre
  4056 | D:11     | Noticed an ogre mage
  4068 | D:10     | Killed a two-headed ogre
  4084 | D:10     | Killed a two-headed ogre
  4085 | D:10     | Reached skill level 5 in Ice Magic
  4193 | D:11     | Killed an ogre mage
  4215 | D:11     | Noticed a two-headed ogre
  4224 | D:11     | Killed a two-headed ogre
  4280 | D:11     | Noticed a two-headed ogre
  4297 | D:11     | Killed a two-headed ogre
  4320 | D:12     | Noticed Rupert
  4333 | D:11     | Reached skill level 11 in Spellcasting
  4411 | D:11     | Found a bloodstained altar of Trog.
  4429 | D:11     | Noticed a boulder beetle
  4445 | D:11     | Killed a boulder beetle
  4446 | D:11     | Reached XP level 13. HP: 79/112 MP: 1/29
  4446 | D:11     | Found a staircase to the Orcish Mines.
  4646 | D:11     | Killed a boulder beetle
  4658 | Lair:1   | Reached skill level 10 in Fighting
  4778 | Lair:1   | Reached **** piety under Sif Muna
  4987 | Lair:1   | Identified the +2 robe "Opojoffo" {rF+ Will- Dex+4 Stlth+}
  5170 | Lair:2   | Reached skill level 10 in Dodging
  5201 | Lair:2   | Reached skill level 12 in Spellcasting
  5230 | Lair:2   | Reached skill level 10 in Shields
  5244 | Lair:2   | Found a staircase to the Snake Pit.
  5256 | Lair:2   | Slain by a naga

Illustrated notes

Levels and vault maps discovered:
D:1:      erik_arrival_cave_to_civilisation [erik_arrival_cave_to_hall],
          layout_basic
D:2:      layout_rooms, serial_shops, shop, minmay_tree_intersection,
          grunt_ministairs_4
D:3:      layout_loops_ring, nicolae_sif_muna_little_library,
          grunt_decor_mini_mirrors, st_stairs_7, kennysheep_minor_cross
D:4:      nicolae_cairo_tiling_very_big, layout_basic
D:5:      layout_rooms, grunt_temple_overflow_open
D:6:      layout_loops_ring, nicolae_overflow_crystal_walls,
          kennysheep_generic_room_6, uniq_grinder, uniq_eustachio, uniq_edmund
D:7:      layout_rooms, mainiacjoe_overflow_small_starburst, temple_statues,
          st_stairs_9, minmay_three_doors
D:8:      layout_rooms, serial_shops, kennysheep_mini,
          hangedman_abyss_or_decor_stagger
D:9:      layout_rooms, tso_oasis_becter
D:10:     layout_cave_pools, mainiacjoe_overflow_surrounded_room, serial_glass,
          glass_columns_b, glass_columns_c, glass_columns_a, glass_columns_a,
          glass_columns_a, glass_columns_a, glass_columns_c, glass_columns_b,
          minmay_misc_feat_more_columns
D:11:     minmay_the_grid_octo_tiled_squarecenter_mashed
          [minmay_the_grid_octo_focus, minmay_the_grid_octo_empty,
          minmay_the_grid_octo_pinwheel, minmay_the_grid_octo_vomiting_pacman,
          minmay_the_grid_square_5x5_megaprize_diamond,
          minmay_the_grid_square_5x5_seven, minmay_the_grid_square_5x5_shuriken,
          minmay_the_grid_square_5x5_minimal, minmay_the_grid_square_5x5_three],
          layout_basic, minmay_orc_entry_guard_dogs,
          nicolae_uskayaw_dance_studio, uniq_fannar
D:12:     layout_irregular_city, serial_shops, shop, uniq_lodul, uniq_rupert
Lair:1:   layout_regular_city, uniq_amaemon
Lair:2:   layout_small_grid, minmay_snake_entry_guardpost_medium, special_room
          [special_room_bee], uniq_erica

Skill      XL: |  1  2  3  4  5  6  7  8  9 10 11 12 13 |
---------------+----------------------------------------+-----
Spellcasting   | 3 4 5 6 7 8 9 11 12 | 12.0
Fighting       | 1 2 3 4 5 6 7 8 9 10 | 10.6
Earth Magic    | 4 5 6 7 8 9 |  9.7
Dodging        | 3 4 5 7 8 10 | 10.1
Conjurations   | 1 3 4 |  4.0
Invocations    | 2 4 6 |  6.6
Shields        | 3 5 7 8 10 | 10.0
Ice Magic      | 1 4 6 7 |  7.7
Stealth        | |  1.4
Transmutations | |  1.2

Action                   |  1- 3 |  4- 6 |  7- 9 | 10-12 | 13-15 || total
-------------------------+-------+-------+-------+-------+-------++-------
Melee: Unarmed           |    13 |       |       |       |       ||    13
       Club              |    41 |     1 |       |       |       ||    42
       Punch             |     1 |       |     2 |       |       ||     3
       Rapier            |       |    45 |    12 |       |       ||    57
       War axe           |       |       |     7 |    56 |    33 ||    96
 Cast: Sandblast         |    21 |    81 |    21 |    27 |       ||   150
       Stone Arrow       |       |     1 |    48 |   165 |   100 ||   314
Invok: Channel Magic     |       |       |     1 |     5 |     4 ||    10
Evoke: Wand              |       |       |     4 |    16 |     1 ||    21
  Use: Potion            |     1 |     6 |     1 |     6 |     1 ||    15
       Scroll            |       |     4 |     3 |     6 |     2 ||    15
Armor: Robe              |    15 |    33 |    26 |    37 |    34 ||   145
       Skin              |       |       |       |    65 |       ||    65
Dodge: Dodged            |    44 |    69 |    51 |    87 |    90 ||   341
Block: Kite shield       |       |       |     7 |   158 |   110 ||   275

Table legend: (Time is in decaauts)
 A = Elapsed time spent in this place.
 B = Non-inter-level travel time spent in this place.
 C = Inter-level travel time spent in this place.
 D = Time resting spent in this place.
 E = Time spent auto-exploring this place.
 F = Levels seen in this place.
 G = Mean time per level.
                   A        B        C        D        E       F      G
               +--------+--------+--------+--------+--------+-----+--------+
         Total |   5483 |   5085 |    398 |    157 |    406 |  14 |  391.6 |
       Dungeon |   4917 |   4519 |    398 |    157 |    402 |  12 |  409.8 |
          Lair |    566 |    566 |      0 |      0 |      4 |   2 |  283.0 |
               +--------+--------+--------+--------+--------+-----+--------+

Top non-repeatable levels by time:
    D:11: 886 daAuts
     D:1: 638 daAuts
     D:3: 540 daAuts
    D:10: 421 daAuts
  Lair:1: 405 daAuts
     D:7: 384 daAuts
     D:6: 383 daAuts
     D:5: 376 daAuts
     D:9: 367 daAuts
     D:2: 352 daAuts
     D:8: 282 daAuts
     D:4: 258 daAuts
  Lair:2: 160 daAuts
    D:12: 25 daAuts
